 Dungeon Crawl Stone Soup version 0.21.0-24-g2553a33 (webtiles) character file.

3 marrkus the Gusty (level 1, 0/13 HPs)
             Began as a Gnoll Wanderer on Jan 21, 2018.
             Slain by a bat (1 damage)
             ... on level 1 of the Dungeon.
             The game lasted 00:02:58 (37 turns).

marrkus the Gusty (Gnoll Wanderer)                    Turns: 37, Time: 00:02:59

Health: 0/13       AC:  2    Str: 12    XL:     1   Next: 50%
Magic:  5/6        EV: 11    Int: 19    God:
Gold:   0          SH:  8    Dex: 11    Spells: 8/9 levels left

rFire    . . .     SeeInvis .   e - +0 club
rCold    . . .     Gourm    .   a - +0 shield
rNeg     . . .     Faith    .   d - +0 robe
rPois    .         Spirit   .   (no helmet)
rElec    .         Reflect  .   (no cloak)
rCorr    .         Harm     .   (no gloves)
MR       .....                  (no boots)
Stlth    ++........             (no amulet)
HPRegen  0.04/turn              (no ring)
MPRegen  0.10/turn              (no ring)

@: very slightly contaminated
A: distributed training, fangs 1, strong nose
a: no special abilities


You were on level 1 of the Dungeon.
You were not hungry.

You visited 1 branch of the dungeon, and saw 1 of its levels.

Inventory:

Hand Weapons
 e - a +0 club (weapon)
Armour
 a - a +0 shield (worn)
 d - a +0 robe (worn)
Books
 b - the Catalogue of the Aged Tales

   Spells                             Type                      Level
   a - Pain                           Necromancy                   1
   b - Regeneration                   Charms/Necromancy            3
 c - the Tome of Flight

   Spells                             Type                      Level
   a - Shock                          Conjuration/Air              1
   b - Mephitic Cloud                 Conjuration/Poison/Air       3
Comestibles
 f - a ration


   Skills:
 + Level 0.0 Fighting
 + Level 0.0 Short Blades
 + Level 0.0 Long Blades
 + Level 0.0 Axes
 + Level 0.0 Maces & Flails
 + Level 0.0 Polearms
 + Level 2.3 Staves
 + Level 0.0 Slings
 + Level 0.0 Bows
 + Level 0.0 Crossbows
 + Level 0.0 Throwing
 + Level 0.0 Armour
 + Level 4.4 Dodging
 + Level 2.1 Stealth
 + Level 2.3 Shields
 + Level 0.0 Unarmed Combat
 + Level 4.8 Spellcasting
 + Level 0.0 Conjurations
 + Level 0.0 Hexes
 + Level 0.0 Charms
 + Level 0.0 Summonings
 + Level 0.0 Necromancy
 + Level 0.0 Translocations
 + Level 0.0 Transmutations
 + Level 0.0 Fire Magic
 + Level 0.0 Ice Magic
 + Level 5.3 Air Magic
 + Level 0.0 Earth Magic
 + Level 0.0 Poison Magic
 + Level 0.1 Invocations
 + Level 0.0 Evocations


You had 8 spell levels left.
You knew the following spells:

 Your Spells              Type           Power        Failure   Level  Hunger
a - Shock                 Conj/Air       ##..         22%         1    None


Dungeon Overview and Level Annotations

Branches:
Dungeon (1/15)

Altars:


Innate Abilities, Weirdness & Mutations

Your experience applies equally to all skills.
You have very sharp teeth.
Your uncanny sense of smell can sniff out nearby items.


Message History

Press: ? - help, Shift-Dir - straight line, f/p - hobgoblin
Aim: a hobgoblin The zap hits the hobgoblin.
You kill the hobgoblin!
The zap hits the dart slug.
The dart slug is severely wounded.
The bat hits you but does no damage. The rat bites you.
The bat barely misses you. The bat barely misses you.
You barely miss the rat. You block the bat's attack. The bat hits you.
You block the bat's attack. The rat bites you.
* * * LOW HITPOINT WARNING * * *
You hit the rat.
The rat is moderately wounded.
You block the bat's attack. The rat bites you but does no damage.
The rat bites you.
* * * LOW HITPOINT WARNING * * *
The bat closely misses you. The bat barely misses you. The bat hits you.
You die...

..............!#.# ##
............#(.[.###...
......##....##.......#
.......)............##
.#####.##...........#
#................
##?w.#.....#...#.
#.r##8###8##...g ∆
#..b@.....# ....
#...#.....# ...
#...#..<.[# ..
##..#.....# ∆
...#........
##.##8###8##... ...#$.
.# .. .. ... .. . ...
..


You could see a bat and a rat.

Vanquished Creatures
  2 hobgoblins (D:1)
  A bat (D:1)
3 creatures vanquished.

Notes
Turn   | Place    | Note
-------+----------+-------------------------------------------
     0 | D:1      | marrkus the Gnoll Wanderer began the quest for the Orb.
     0 | D:1      | marrkus set off with: a +0 shield, the Catalogue of the Aged Tales, the Tome of Flight, a +0 robe, a +0 club, a ration
     0 | D:1      | Reached XP level 1. HP: 13/13 MP: 6/6
     3 | D:1      | Identified the Catalogue of the Aged Tales
     3 | D:1      | Identified the Tome of Flight
     5 | D:1      | Learned a level 1 spell: Shock
    37 | D:1      | Slain by a bat

Action                   || total
-------------------------++-------
Melee: Club              ||     7
 Cast: Shock             ||     1
 Stab: Sleeping          ||     1
Armor: Robe              ||     6
Dodge: Dodged            ||    10
Block: Shield            ||     9
